 Dungeon Crawl Stone Soup version 0.32-a0-649-gd0e5102 (webtiles) character file.

Game seed: 6583254631585886958

72 Meow the Conjurer (level 4, 31/36 HPs)
             Began as a Naga Conjurer on Mar 8, 2024.
             Quit the game on level 2 of the Dungeon.
             The game lasted 00:03:23 (1408 turns).

Meow the Conjurer (Naga Conjurer)                   Turns: 1408, Time: 00:03:24

Health: 31/36      AC:  5    Str: 10    XL:     4   Next: 26%
Magic:  2/8        EV:  9    Int: 26    God:
Gold:   113        SH:  0    Dex:  9    Spells: 6/9 levels left

rFire   . . .        a - +0 sling
rCold   . . .        (no shield)
rNeg    . . .        f - +0 robe
rPois   +            i - +0 helmet
rElec   .            j - +0 cloak
rCorr   .            d - +0 pair of gloves
SInv    +            (no barding)
Will    .....        (no amulet)
Stlth   ++           m - +6 ring of intelligence
HPRegen 0.26/turn    (no ring)
MPRegen 0.11/turn

%: no passive effects
@: short of breath, very slow
A: AC +1, large, see invisible, deformed body, poison resistance, slowness 2,
spit poison 1, naga tail 1
a: Spit Poison


You were on level 2 of the Dungeon.
You visited 1 branch of the dungeon, and saw 2 of its levels.

You collected 113 gold pieces.

Inventory:

Hand Weapons
 a - a +0 sling (weapon)
 b - a +0 mace
Missiles
 g - 11 stones
Armour
 d - a +0 pair of gloves (worn)
 f - a +0 robe (worn)
 i - a +0 helmet (worn)
 j - a +0 cloak (worn)
 k - a +0 kite shield
Magical Staves
 p - a staff of death
Jewellery
 m - a +6 ring of intelligence (left hand)
Scrolls
 c - 2 scrolls of poison {unknown}
 e - 2 scrolls of fog {unknown}
 l - a scroll of blinking {unknown}
 o - a scroll of enchant weapon {unknown}
 q - 2 scrolls of identify {unknown}
Potions
 h - a potion of magic
 n - a potion of lignification {unknown}


   Skills:
 - Level 1.5 Dodging
 - Level 3.0 Stealth
 + Level 3.2 Spellcasting
 + Level 4.9 Conjurations


You had 6 spell levels left.
You knew the following spells:

 Your Spells              Type           Power      Damage    Failure   Level
a - Magic Dart            Conj           100%       1d8       1%          1
b - Searing Ray           Conj           58%        2d6       1%          2

Your spell library contained the following spells:

 Spells                   Type           Power      Damage    Failure   Level
 Fulminant Prism          Conj/Alch      8%         3d7       32%         4
 Iskenderun's Mystic Bla  Conj/Tloc      16%        2d5       32%         4


Dungeon Overview and Level Annotations

Branches:
Dungeon (2/15)

Altars:


Innate Abilities, Weirdness & Mutations

Your serpentine skin is tough. (AC +1)
You have supernaturally acute eyesight. (SInv)
Armour fits poorly on your strangely shaped body.
Your system is resistant to poisons. (rPois)
You cover ground very slowly.
You can spit poison.
You have a snake-like lower body.


Message History

You have got your breath back.
A gnoll comes into view. It is wielding a +0 club.
Found 9 gold pieces.
Aiming: Spit Poison (2% risk of failure)
Press: ? - help, Shift-Dir - straight line, f - gnoll
Aim: a gnoll, wielding a +0 club (asleep, 100% to hit)
The splash of poison hits the gnoll.
The gnoll is moderately wounded.
The gnoll shouts!
You hear a shout! x3
A gnoll comes into view. It is wielding a +0 flail.
A kobold comes into view. It is wielding a +0 whip.
Casting: Magic Dart (safe; 1% risk of failure)
Confirm with . or Enter, or press ? or * to list all spells.
Aiming: Searing Ray (safe; 1% risk of failure)
Press: ? - help, Shift-Dir - straight line, f - kobold, p - gnoll
Aim: a kobold, wielding a +0 whip and quivering stones (74% to hit)
The searing ray hits the gnoll.
The gnoll is heavily wounded.
The searing ray hits the kobold!
You kill the kobold! (Press . to maintain the ray.)
You can't do that yet.
Casting: Searing Ray (safe; 1% risk of failure)
Confirm with . or Enter, or press ? or * to list all spells.
Aiming: Searing Ray (safe; 1% risk of failure)
Press: ? - help, Shift-Dir - straight line, f - gnoll
Aim: a gnoll, wielding a +0 flail (82% to hit)
The searing ray hits the gnoll.
The gnoll is severely wounded.
The searing ray hits the gnoll!
The gnoll is severely wounded. (Press . to maintain the ray.)
The gnoll hits you with a +0 club.
The searing ray hits the gnoll.
You kill the gnoll!
The searing ray hits the gnoll.
You kill the gnoll!
You have reached level 4!
You feel stronger.
Are you sure you want to abandon this character and quit the game? (Confirm with "yes".)

#.################
#........#
###.#######
#...###........#
##.........#
#.............##
..>...######
##########...##
##.#..###..###
#....).
##<#..#......###
#######
##.#....#...†..###
##.##...#+#......###
##.######
###...@..### ##..
###..)...### ####
###.)....# #
###......# # ....!##
# ....## # $..## #
..## #### .##


There were no monsters in sight!

Vanquished Creatures
  2 gnolls (D:2)
  An adder (D:2)
  3 dart slugs
  4 bats
  4 endoplasms
  A giant cockroach (D:2)
  3 hobgoblins
  3 kobolds
  2 quokkas (D:1)
  6 ball pythons
  A frilled lizard (D:1)
  3 goblins
  7 rats
40 creatures vanquished.

Notes
Turn   | Place    | Note
-------+----------+-------------------------------------------
     0 | D:1      | Meow the Naga Conjurer began the quest for the Orb.
     0 | D:1      | Reached XP level 1. HP: 15/15 MP: 3/3
   245 | D:1      | Reached XP level 2. HP: 22/22 MP: 1/5
   248 | D:1      | Learned a level 2 spell: Searing Ray
   631 | D:1      | Found a faded altar of an unknown god.
   928 | D:2      | Reached XP level 3. HP: 28/28 MP: 7/7
  1408 | D:2      | Reached XP level 4. HP: 31/36 MP: 2/8
  1408 | D:2      | Quit the game

Illustrated notes

Levels and vault maps discovered:
D:1:      minmay_arrival_wavy_path, layout_loops_ring,
          shapermc_ecumenical_altar_ellora
D:2:      minmay_razor_zed, layout_loops_ring

Skill      XL: |  1  2  3 |
---------------+----------+-----
Spellcasting   | 3 |  3.2
Dodging        | |  1.5
Stealth        | |  3.0
Conjurations   | |  4.9

Action                     |  1- 3 |  4- 6 || total
---------------------------+-------+-------++-------
   Fire: Sling             |     9 |       ||     9
   Cast: Magic Dart        |    28 |       ||    28
         Searing Ray       |     6 |       ||     6
Ability: Spit Poison       |    22 |       ||    22
 Armour: Robe              |     2 |       ||     2
  Dodge: Dodged            |     3 |       ||     3

Table legend: (Time is in decaauts)
 A = Elapsed time spent in this place.
 B = Non-inter-level travel time spent in this place.
 C = Inter-level travel time spent in this place.
 D = Time resting spent in this place.
 E = Time spent auto-exploring this place.
 F = Levels seen in this place.
 G = Mean time per level.
                   A        B        C        D        E       F      G
               +--------+--------+--------+--------+--------+-----+--------+
         Total |   1801 |   1741 |     60 |    296 |   1151 |   2 |  900.5 |
       Dungeon |   1801 |   1741 |     60 |    296 |   1151 |   2 |  900.5 |
               +--------+--------+--------+--------+--------+-----+--------+

Top non-repeatable levels by time:
     D:1: 1189 daAuts
     D:2: 611 daAuts
